 Dungeon Crawl Stone Soup version 0.19.1 (webtiles) character file.

4120 hal2100 the Grappler (level 10, 0/107 HPs)
             Began as a Troll Monk on Dec 11, 2016.
             Was a Believer of Nemelex Xobeh.
             Slain by a seven-headed hydra (1 damage)
             ... on level 8 of the Dungeon.
             The game lasted 01:04:20 (6599 turns).

hal2100 the Grappler (Troll Monk)                   Turns: 6599, Time: 01:04:20

Health: 0/107      AC: 12    Str: 22    XL:     10   Next: 6%
Magic:  10/10      EV: 12    Int:  6    God:    Nemelex Xobeh [**....]
Gold:   365        SH:  0    Dex: 14    Spells: 0 memorised, 9 levels left

rFire  . . .     SeeInvis .       - Unarmed
rCold  . . .     Gourm    +     a - +0 robe
rNeg   . . .     Faith    .     (no shield)
rPois  .         Spirit   .     (helmet restricted)
rElec  .         Reflect  .     o - +1 cloak
rCorr  .         Harm     .     (gloves unavailable)
MR     .....     Rnd*Tele +     (boots unavailable)
Stlth  ++........               y - amulet of Vitality {Regen+ HP+15}
                                g - ring of teleportation
                                A - +5 ring of protection

@: no status effects
A: unfitting armour, claws 3, fast metabolism 3, gourmand, mutation resistance
1, regeneration 1, shaggy fur 1, tough skin 2
a: Renounce Religion


You were on level 8 of the Dungeon.
You worshipped Nemelex Xobeh.
Nemelex Xobeh was pleased with you.
You were not hungry.

You visited 2 branches of the dungeon, and saw 9 of its levels.

You collected 571 gold pieces.
You spent 206 gold pieces at shops.

Inventory:

Hand Weapons
 d - a cursed -3 whip
 j - a +2 vampiric dagger
 n - a cursed -3 dagger
 s - the +3 trident of Destiny {antimagic, *Corrode Dex+3 SInv Stlth+}
   (You found it on level 6 of the Dungeon)

   It reduces the magical energy of the wielder, and disrupts the spells and
   magical abilities of those hit.
   Natural abilities and divine invocations are not affected.
   It affects your dexterity (+3).
   It lets you see invisible.
   It may corrode you when you take damage.
   It makes you more stealthy.
 t - a cursed -2 spear
 D - a +3 halberd
Missiles
 r - 113 stones
 u - 6 tomahawks (quivered)
Armour
 a - a +0 robe (worn)
 o - a +1 cloak (worn)
Jewellery
 e - an uncursed ring of flight
 g - a ring of teleportation (right claw)
 y - the amulet of Vitality (around neck) {Regen+ HP+15}
   (You found it on level 5 of the Dungeon)

   [amulet of regeneration]

   It affects your health (+15).
   It increases your rate of regeneration.
 A - a +5 ring of protection (left claw)
 J - an uncursed amulet of regeneration
 K - an uncursed ring of ice
Wands
 H - a wand of iceblast (7/15)
Scrolls
 l - 5 scrolls of identify
 m - 3 scrolls of remove curse
 q - 2 scrolls of teleportation
 v - a scroll of fog {unknown}
 w - 2 scrolls of immolation
 x - a scroll of noise {unknown}
 M - a scroll of amnesia {unknown}
Potions
 h - 2 potions of brilliance
 p - 4 potions of curing
 B - a potion of cure mutation {unknown}
 C - a potion of haste
Books
 c - a book of Changes

   Spells                             Type                      Level
   a - Beastly Appendage              Transmutation                1
   b - Sticks to Snakes               Transmutation                2
   c - Spider Form                    Transmutation/Poison         3
   d - Ice Form                       Ice/Transmutation            4
   e - Blade Hands                    Transmutation                5
 E - a book of Frost

   Spells                             Type                      Level
   a - Freeze                         Ice                          1
   b - Throw Frost                    Conjuration/Ice              2
   c - Ozocubu's Armour               Charms/Ice                   3
   d - Throw Icicle                   Conjuration/Ice              4
   e - Summon Ice Beast               Ice/Summoning                4
 F - a book of Geomancy

   Spells                             Type                      Level
   a - Sandblast                      Earth                        1
   b - Passwall                       Transmutation/Earth          2
   c - Stone Arrow                    Conjuration/Earth            3
   d - Petrify                        Transmutation/Earth          4
   e - Lee's Rapid Deconstruction     Earth                        5
Comestibles
 b - 8 bread rations
 f - 17 fruits
 i - 8 slices of pizza
 k - 2 meat rations
 z - a beef jerky
 I - 6 chunks of flesh


   Skills:
 + Level 4.1 Fighting
 + Level 5.8 Throwing
 + Level 5.3 Dodging
 + Level 2.8 Stealth
 + Level 10.1 Unarmed Combat
 + Level 2.4 Invocations


You had 9 spell levels left.
You didn't know any spells.

Dungeon Overview and Level Annotations

Branches:
Dungeon (8/15)             Temple (1/1) D:7
   Lair: D:8-11

Altars:
Ashenzari
Cheibriados
Dithmenos
Elyvilon
Fedhas
Gozag
Hepliaklqana
Kikubaaqudgha
Makhleb
Nemelex Xobeh
Okawaru
Qazlal
Ru
Sif Muna
Trog
Uskayaw
Vehumet
Xom
Yredelemnul
Zin
The Shining One

Shops:
D:7 }!![[


Innate Abilities, Weirdness & Mutations

You are too large for most types of armour.
You have claws for hands.
Your metabolism is lightning-fast.
You like to eat raw meat.
Your natural rate of healing is unusually fast.
You are covered in fur. (AC +1)
You have very tough skin. (AC +2)
You are somewhat resistant to further mutation.


Message History

The seven-headed hydra barely misses you.
The seven-headed hydra bites you.
* * * LOW HITPOINT WARNING * * *
The seven-headed hydra bites you but does no damage.
The seven-headed hydra bites you!
* * * LOW HITPOINT WARNING * * *
The seven-headed hydra bites you.
* * * LOW HITPOINT WARNING * * *
The big kobold closely misses you. The seven-headed hydra bites you.
* * * LOW HITPOINT WARNING * * *
The seven-headed hydra bites you but does no damage.
The seven-headed hydra bites you!
* * * LOW HITPOINT WARNING * * *
The seven-headed hydra bites you!
* * * LOW HITPOINT WARNING * * *
The seven-headed hydra barely misses you.
The seven-headed hydra closely misses you.
The seven-headed hydra bites you.
You die...
Your body glows with a rainbow of weird colours and disappears.

############
#.@#.....#.# #
#DK'....≈#÷## ##
#..'.P...#..### ##.
#..'....≈.....###..
#..#.....#....##..#
#'##P≈P%≈#........#
#%.#≈≈)≈P#.......##
#.)+.P≈PP#.......##
##########........#


You could see a seven-headed hydra and a big kobold.

Vanquished Creatures
  The ghost of Philosophy the Cruncher, a novice FoFi of Okawaru (D:7)
  2 dream sheep (D:8)
  2 yaks (D:8)
  3 sky beasts
  2 orc warriors
  3 ogres
  2 centaurs
  2 big kobolds (D:8)
  A bullfrog (D:6)
  2 scorpions
  A water moccasin skeleton (D:6)
  7 wights
  3 howler monkeys (D:7)
  5 crimson imps
  A bullfrog zombie (D:5)
  3 hounds
  3 jellies
  Crazy Yiuf (D:3)
  4 orc priests
  A centaur skeleton (D:7)
  3 iguanas
  4 orc wizards
  Jessica (D:3)
  7 worker ants
  2 worker ant zombies (D:5)
  3 gnolls (D:4)
  7 adders
  An adder skeleton (D:4)
  3 worms
  A dart slug (D:3)
  7 leopard geckos
  17 orcs
  A ball python (D:1)
  6 giant cockroaches
  9 goblins
  11 hobgoblins
  6 jackals
  6 kobolds
  6 quokkas
  8 bats
  12 frilled lizards
  2 leopard gecko zombies (D:7)
  5 rats
177 creatures vanquished.

Vanquished Creatures (collateral kills)
  A bullfrog (D:7)
  2 wights (D:7)
  A crimson imp (D:7)
  An orc priest (D:7)
  An orc (D:7)
  A frilled lizard (D:7)
7 creatures vanquished.

Vanquished Creatures (others)
  A crimson imp (D:7)
  An orc (D:4)
  A fire vortex (D:7)
3 creatures vanquished.

Grand Total: 187 creatures vanquished

Notes
Turn   | Place    | Note
-------+----------+-------------------------------------------
     0 | D:1      | hal2100 the Troll Monk began the quest for the Orb.
     0 | D:1      | Reached XP level 1. HP: 22/22 MP: 0/0
   134 | D:1      | Reached XP level 2. HP: 29/29 MP: 1/1
   467 | D:1      | Reached XP level 3. HP: 36/36 MP: 2/2
   638 | D:2      | Found a stormy altar of Qazlal.
  1069 | D:2      | Reached XP level 4. HP: 44/44 MP: 3/3
  1091 | D:2      | Reached skill level 4 in Unarmed Combat
  1202 | D:2      | Found an opulent altar of Gozag.
  1727 | D:3      | Found a runed door.
  1910 | D:3      | Noticed Crazy Yiuf
  1916 | D:3      | Killed Crazy Yiuf
  1916 | D:3      | Reached XP level 5. HP: 37/52 MP: 4/4
  2186 | D:3      | Noticed Jessica
  2201 | D:3      | Killed Jessica
  2619 | D:4      | Found an iron altar of Okawaru.
  2669 | D:4      | Reached skill level 1 in Throwing
  2669 | D:4      | Reached skill level 5 in Unarmed Combat
  2736 | D:4      | Reached XP level 6. HP: 46/61 MP: 5/5
  2953 | D:4      | Reached XP level 7. HP: 27/67 MP: 6/6
  3116 | D:4      | Reached skill level 6 in Unarmed Combat
  3246 | D:5      | Entered Level 5 of the Dungeon
  3475 | D:5      | Found a white marble altar of Elyvilon.
  3808 | D:5      | Reached XP level 8. HP: 57/75 MP: 7/7
  3850 | D:5      | Found a shattered altar of Ashenzari.
  3887 | D:5      | Reached skill level 7 in Unarmed Combat
  4471 | D:6      | Reached skill level 8 in Unarmed Combat
  4554 | D:6      | Got a warped trident
  4642 | D:6      | Found a shimmering altar of Xom.
  4741 | D:6      | Identified the cursed +3 trident of Destiny {antimagic, *Corrode Dex+3 SInv Stlth+} (You found it on level 6 of the Dungeon)
  4931 | D:6      | Found a hide-covered altar of Uskayaw.
  4946 | D:6      | Found a white marble altar of Elyvilon.
  4959 | D:6      | Found a bloodstained altar of Trog.
  5180 | D:7      | Found a deep blue altar of Sif Muna.
  5240 | D:7      | Reached skill level 5 in Dodging
  5240 | D:7      | Reached XP level 9. HP: 83/83 MP: 8/8
  5273 | D:7      | Found Jokketom's Antique Armour Emporium.
  5301 | D:7      | Found a staircase to the Ecumenical Temple.
  5312 | Temple   | Entered the Ecumenical Temple
  5393 | Temple   | Became a worshipper of Nemelex Xobeh the Trickster
  5393 | Temple   | Received a gift from Nemelex Xobeh
  5393 | Temple   | Reached * piety under Nemelex Xobeh
  5393 | Temple   | Reached ** piety under Nemelex Xobeh
  5418 | D:7      | Found Vusif's Distillery.
  5435 | D:7      | Reached skill level 5 in Throwing
  5483 | D:7      | Bought a potion of heal wounds for 55 gold pieces
  5483 | D:7      | Bought a potion of invisibility for 88 gold pieces
  5483 | D:7      | Bought a potion of curing for 33 gold pieces
  5515 | D:7      | Found Geathet's Gadget Boutique.
  5640 | D:7      | Found a shadowy altar of Dithmenos.
  5640 | D:7      | Received a gift from Nemelex Xobeh
  5661 | D:7      | Found Jus Xioj's Armour Boutique.
  5710 | D:7      | Noticed Philosophy's ghost (novice FoFi)
  5750 | D:7      | Killed Philosophy's ghost
  5750 | D:7      | Reached skill level 9 in Unarmed Combat
  5750 | D:7      | Reached skill level 1 in Invocations
  6285 | D:7      | Found Avazuaw's Distillery.
  6288 | D:7      | Bought a potion of mutation for 30 gold pieces
  6288 | D:7      | Gained mutation: You are somewhat resistant to further mutation. [potion of mutation]
  6537 | D:8      | Reached skill level 10 in Unarmed Combat
  6549 | D:8      | Reached XP level 10. HP: 92/92 MP: 10/10
  6584 | D:8      | Noticed a two-headed hydra
  6599 | D:8      | HP: 1/107 [seven-headed hydra (7)]
  6599 | D:8      | Slain by a seven-headed hydra

Skill      XL: |  1  2  3  4  5  6  7  8  9 |
---------------+----------------------------+-----
Dodging        | 3 4 5 |  5.3
Unarmed Combat | 4 5 6 8 10 | 10.1
Fighting       | 3 4 |  4.1
Throwing       | 1 2 3 4 5 |  5.8
Invocations    | 2 |  2.4
Stealth        | 2 |  2.8

Action                   |  1- 3 |  4- 6 |  7- 9 | 10-12 || total
-------------------------+-------+-------+-------+-------++-------
Melee: Unarmed           |   102 |   152 |   253 |     8 ||   515
       Punch             |     1 |     1 |     5 |     1 ||     8
       Trident           |       |       |    11 |       ||    11
Throw: Stone             |       |    64 |     4 |       ||    68
       Tomahawk          |       |    11 |    72 |       ||    83
Evoke: Deck              |       |       |    16 |     1 ||    17
       Wand              |       |       |     1 |       ||     1
  Use: Scroll            |     2 |       |     4 |       ||     6
       Potion            |       |     3 |     8 |     1 ||    12
 Stab: Sleeping          |     2 |       |     2 |       ||     4
       Invisible         |       |       |     4 |       ||     4
  Eat: Chunk             |    15 |    17 |    28 |       ||    60
Armor: Robe              |    47 |    57 |    60 |     8 ||   172
Dodge: Dodged            |    61 |   111 |   117 |    18 ||   307
